 Dungeon Crawl Stone Soup version 0.28.0-53-g5a82cb258f (webtiles) character file.

Game seed: 16402117757690431776

10338 MiltankisOP the Thaumaturge (level 11, -6/65 (67) HPs)
             Began as a Tengu Air Elementalist on June 17, 2022.
             Was an Elder of Vehumet.
             Mangled by a raiju (7 damage)
             ... on level 2 of the Abyss.
             The game lasted 01:06:55 (17918 turns).

MiltankisOP the Thaumaturge (TeAE)                 Turns: 17918, Time: 01:06:58

HP:   -6/65 (67)    AC:  8    Str: 10    XL:     11   Next: 60%
MP:   24/25         EV: 15    Int: 19    God:    Vehumet [****..]
Gold: 470           SH:  0    Dex: 10    Spells: 17/29 levels left

rFire   . . .      SeeInvis +   G - +2 trident (protect)
rCold   . . .      Faith    .   (no shield)
rNeg    . . .      Spirit   .   I - +0 troll leather armour
rPois   .          Reflect  .   (helmet restricted)
rElec   .          Harm     .   (no cloak)
rCorr   .          Rampage  .   (no gloves)
Will    .....                   (boots unavailable)
Stlth   +.........              o - amulet of the acrobat
HPRegen 1.00/turn               l - ring "Jicocy" {Slay+5 SInv}
MPRegen 0.19/turn               D - +4 ring of protection

@: about to teleport, flying quickly and evasively, lightly drained, quick
A: beak, talons 3, nimble flight, deterioration 1, [clumsy 2]
a: Renounce Religion


You were on level 2 of the Abyss.
You worshipped Vehumet.
Vehumet was greatly pleased with you.
You visited 2 branches of the dungeon, and saw 10 of its levels.
You visited the Abyss 1 time.
You also visited: Ossuary and Bailey.

You collected 520 gold pieces.
You spent 50 gold pieces at shops.

Inventory:

Hand Weapons
 v - a +0 mace of protection
 E - the +8 flail "Arim" {freeze, rC- rN+ Dex+6}
   (You found it on level 7 of the Dungeon)

   It freezes those it strikes, dealing additional cold damage.
   It can also slow down cold-blooded creatures.
   Dex:       It affects your dexterity (+6).
   rC:        It makes you vulnerable to cold.
   rN:        It protects you from negative energy.
 G - a +2 trident of protection (weapon)
Missiles
 x - 6 throwing nets
Armour
 a - a +0 robe
 n - the +1 robe of Tomorrow {rN+}
   (You found it on level 3 of the Dungeon)

   rN:        It protects you from negative energy.
 r - a +0 helmet
 I - a +0 troll leather armour (worn)
Jewellery
 l - the ring "Jicocy" (left hand) {Slay+5 SInv}
   (You found it on level 3 of the Dungeon)

   [ring of see invisible]

   Slay:      It affects your accuracy & damage with ranged weapons and melee
   (+5).
   SInv:      It lets you see invisible.
 o - an amulet of the acrobat (around neck)
 D - a +4 ring of protection (right hand)
 K - a ring of poison resistance
Wands
 j - a wand of iceblast (3)
 H - a wand of acid (7)
 L - a wand of mindburst (6)
Scrolls
 e - 3 scrolls of immolation {unknown}
 f - 2 scrolls of vulnerability {unknown}
 g - 2 scrolls of amnesia {unknown}
 h - 2 scrolls of fear {unknown}
 i - a scroll of noise {unknown}
 k - 3 scrolls of teleportation
 t - a scroll of fog {unknown}
 y - 3 scrolls of blinking {unknown}
 A - 4 scrolls of identify
 F - 4 scrolls of enchant armour
 J - a scroll of brand weapon {unknown}
Potions
 b - 2 potions of curing
 c - 4 potions of attraction
 d - 4 potions of lignification
 m - a potion of flight
 p - 5 potions of brilliance
 q - 2 potions of resistance
 s - a potion of magic {unknown}
 u - 3 potions of degeneration {unknown}
 w - 3 potions of might {unknown}
 z - a potion of haste {unknown}
 B - a potion of heal wounds {unknown}
 C - a potion of invisibility {unknown}


   Skills:
 - Level 7.0 Fighting
 - Level 6.0 Dodging
 - Level 2.0 Stealth
 + Level 9.9 Spellcasting
 - Level 8.0 Conjurations
 - Level 3.0 Hexes
 - Level 9.0 Summonings
 - Level 8.0 Air Magic


You had 17 spell levels left.
You knew the following spells:

 Your Spells              Type           Power      Damage    Failure   Level
a - Shock                 Conj/Air       100%       1d9       1%          1
b - Static Discharge      Conj/Air       39%        N/A       1%          2
c - Searing Ray           Conj           78%        2d7       1%          2
d - Summon Guardian Gole  Hex/Summ       32%        N/A       2%          3
e - Airstrike             Air            19%        N/A       1%          4

Your spell library contained the following spells:

 Spells                   Type           Power      Damage    Failure   Level
 Conjure Flame            Conj/Fire      24%        6-21      1%          3
 Magic Dart               Conj           100%       1d8       1%          1
 Summon Small Mammal      Summ           100%       N/A       1%          1
 Call Canine Familiar     Summ           43%        N/A       1%          3
 Stone Arrow              Conj/Erth      48%        3d10      1%          3
 Swiftness                Air            39%        N/A       1%          3
 Fulminant Prism          Conj/Hex       15%        3d11      3%          4
 Apportation              Tloc           18%        N/A       11%         1
 Pain                     Necr           36%        1d5       11%         1
 Animate Armour           Summ/Erth      52%        N/A       16%         4
 Agony                    Necr           9%         N/A       96%         5
 Alistair's Intoxication  Tmut/Pois      6%         N/A       96%         5
 Excruciating Wounds      Necr           4%         N/A       96%         5
 Lehudib's Crystal Spear  Conj/Erth      12%        10d4      100%        8


Dungeon Overview and Level Annotations

Branches:
Dungeon (9/15)             Temple (1/1) D:5            Lair (0/6) D:8
Ossuary (visited)          Bailey (visited)
    Orc: D:9-12

Altars:
Ashenzari
Cheibriados
Dithmenos
Elyvilon
Fedhas
Gozag
Hepliaklqana
Kikubaaqudgha
Makhleb
Nemelex Xobeh
Okawaru
Qazlal
Ru
Sif Muna
Trog
Uskayaw
Vehumet
Wu Jian
Xom
Yredelemnul
Zin
The Shining One

Shops:
D:3 ?(((=   D:8 [[

Annotations:
D:7 2 transporters, Icepheonix32's ghost, novice DsIE
D:9 Erolcha


Innate Abilities, Weirdness & Mutations

You have a beak for a mouth.
You have claws for feet.
Your magical nature lets you fly swiftly and evasively.
Your body sometimes deteriorates upon taking damage.
[You are very clumsy. (Dex -4)]


Message History

The raiju bursts into living lightning!
The living lightning misses the raiju.
The living lightning misses you.
The raiju blinks!
A starcursed mass splits.
The raiju bursts into living lightning!
The living lightning misses you.
The raiju blinks!
The wretched star pulses with an eldritch light!
You feel clumsy. x2
An unseen horror comes into view.
A starcursed mass splits.
The raiju completely misses you. The unseen horror hits you.
The raiju bursts into living lightning!
The living lightning misses you.
The raiju blinks!
The raiju bites you. The raiju shocks you!
* * * LOW HITPOINT WARNING * * *
The unseen horror completely misses you.
The raiju misses you. The unseen horror hits you!
* * * LOW HITPOINT WARNING * * *
As you read the scroll of teleportation, it crumbles to dust.
You feel strangely unstable.
You feel the power of the Abyss delaying your translocation!
The unseen horror closely misses you. The raiju closely misses you.
The raiju bites you but does no damage.
You feel better. The unseen horror barely misses you.
The unseen horror hits you.
* * * LOW HITPOINT WARNING * * *
The raiju completely misses you. The raiju bites you.
* * * LOW HITPOINT WARNING * * *
The raiju shocks you!
* * * LOW HITPOINT WARNING * * *
The raiju stops to sniff the ground.
You feel better.
The unseen horror hits you but does no damage.
The unseen horror closely misses you. The raiju completely misses you.
The raiju bursts into living lightning!
The living lightning hits the raiju.
The raiju completely resists.
The living lightning misses you.
The raiju blinks! x3; The raiju bites you!
* * * LOW HITPOINT WARNING * * *
The raiju shocks you!
You die...

.# #........ ....# .
##......... h#...#.#.
#..#.#........
..#.#.#.
..##..........#....#.
.#
##..........###..#.#..
##.#...x..x##..#.#.. #
.. #.XX###X#X#.#.# .
..x..XX*§hx.#.#
....... .####X3h@h# ..
..... ###4##.# #
....... ### ..
##...... #.. '#.....
## ....#. ..


You could see 6 starcursed masses, a wretched star, a hellwing, an unseen horror
(invisible), 3 raiju, a neqoxec and a small abomination.

Vanquished Creatures
  Harold (D:9)
  2 two-headed ogres (D:9)
  Joseph (D:9)
  Psyche (D:9)
  2 hellwings (Abyss:2)
  A troll (D:8)
  5 slime creatures
  9 yaks (D:9)
  A water moccasin (D:8)
  2 ice beasts (D:5)
  2 sky beasts
  9 orc warriors (Bailey)
  3 ogres
  2 necrophages
  11 centaurs
  A phantom (D:5)
  A kobold brigand (D:8)
  2 elf zombies (Ossuary)
  A bullfrog (D:7)
  2 wyvern zombies
  A wyvern skeleton (D:7)
  14 killer bees
  4 wights (D:9)
  3 electric eels (D:8)
  2 howler monkeys
  2 centaur zombies
  A human zombie (Ossuary)
  2 bullfrog skeletons (D:6)
  4 orc priests
  8 hounds
  2 gnoll shamans
  2 centaur skeletons (D:5)
  3 iguanas
  6 orc wizards
  A hound zombie (D:5)
  2 mummies (Ossuary)
  10 gnolls
  6 adders
  A shadow imp (D:8)
  2 ufetubi
  An adder zombie (Ossuary)
  An adder skeleton (D:4)
  A worm (D:3)
  A dart slug (D:2)
  47 orcs
  7 ball pythons
  6 endoplasms
  6 giant cockroaches
  8 goblins
  4 hobgoblins
  5 jackals
  8 quokkas
  4 bats
  13 hobgoblin zombies (Ossuary)
  3 jackal zombies (Ossuary)
  13 kobolds
  9 kobold zombies (Ossuary)
  5 orc zombies (Ossuary)
  6 rats
  2 rat zombies (Ossuary)
285 creatures vanquished.

Vanquished Creatures (others)
  A howler monkey (D:8)
  A hound (D:8)
  6 plants (D:7)
8 creatures vanquished.

Grand Total: 293 creatures vanquished

Notes
Turn   | Place    | Note
-------+----------+-------------------------------------------
     0 | D:1      | MiltankisOP the Tengu Air Elementalist began the quest for
                  | the Orb.
     0 | D:1      | Reached XP level 1. HP: 10/10 MP: 4/4
   507 | D:1      | Reached XP level 2. HP: 15/15 MP: 0/6
   931 | D:1      | Reached XP level 3. HP: 9/19 MP: 1/7
  1346 | D:1      | Found a faded altar of an unknown god.
  1522 | D:1      | Reached skill level 5 in Air Magic
  2243 | D:2      | Reached XP level 4. HP: 15/24 MP: 4/8
  2421 | D:2      | Learned a level 2 spell: Static Discharge
  2629 | D:2      | Found an iron altar of Okawaru.
  3291 | D:3      | Found Qenugawne's Weapon Boutique.
  3291 | D:3      | Identified the ring "Jicocy" {Slay+5 SInv}
  3446 | D:3      | Found Xuofria's Magic Scroll Shop.
  3455 | D:3      | Bought a scroll of identify for 20 gold pieces
  3455 | D:3      | Bought a scroll of teleportation for 30 gold pieces
  3554 | D:3      | Found Foshrinul's Antique Weapon Emporium.
  3703 | D:3      | Found Zinuhor's Jewellery Boutique.
  3853 | D:3      | Found Woroewi's Weapon Boutique.
  4036 | D:3      | Identified the +1 robe of Tomorrow {rN+}
  4343 | D:4      | Gained mutation: Your magical nature lets you fly swiftly
                  | and evasively. [Tengu growth]
  4343 | D:4      | Reached XP level 5. HP: 28/28 MP: 4/9
  4402 | D:4      | Noticed an ogre
  4429 | D:4      | Killed an ogre
  4430 | D:4      | Reached skill level 5 in Conjurations
  4627 | D:4      | Found a bloodstained altar of Trog.
  4731 | D:4      | Found a sand-covered staircase.
  4735 | Ossuary  | Entered an ossuary
  4838 | Ossuary  | Reached XP level 6. HP: 32/32 MP: 3/10
  5579 | Ossuary  | Reached XP level 7. HP: 22/36 MP: 0/11
  6283 | D:5      | Entered Level 5 of the Dungeon
  6364 | D:4      | Learned a level 2 spell: Searing Ray
  7113 | D:4      | Reached XP level 8. HP: 20/41 MP: 5/12
  7487 | D:5      | Reached skill level 5 in Dodging
  7521 | D:5      | Found a staircase to the Ecumenical Temple.
  7530 | Temple   | Entered the Ecumenical Temple
  7679 | Temple   | Became a worshipper of Vehumet
  7859 | D:5      | Reached skill level 1 in Hexes
  7859 | D:5      | Reached skill level 1 in Summonings
  8543 | D:6      | Found a glowing silver altar of Zin.
  8985 | D:6      | Reached XP level 9. HP: 45/45 MP: 9/13
  8989 | D:6      | Learned a level 3 spell: Summon Guardian Golem
  9089 | D:6      | Reached * piety under Vehumet
  9089 | D:6      | Offered knowledge of Foxfire by Vehumet.
  9129 | D:6      | Reached skill level 5 in Summonings
  9645 | D:7      | Identified the +5 trident of Extremism {pain, Dex+3}
  9645 | D:7      | Identified the +3 scale mail of Qazlal's Hatred {Harm +Inv
                  | rF+ Dex+4}
 10010 | D:7      | Found a transporter.
 10011 | D:7      | Found a transporter.
 10015 | D:7      | Identified the +7 dagger "Rudom" {spect, rPois rC- Str+5}
 10034 | D:7      | Identified the amulet of Dorriali {Spirit rF++}
 10040 | D:7      | Noticed Icepheonix32's ghost (novice DsIE)
 10695 | D:7      | Found a burning altar of Makhleb.
 10715 | D:7      | Identified the +8 flail "Arim" {freeze, rC- rN+ Dex+6}
 10956 | D:8      | Found a flagged portal.
 10967 | D:8      | Offered knowledge of Sandblast by Vehumet.
 11013 | Bailey   | Entered a bailey
 11021 | Bailey   | Reached ** piety under Vehumet
 11609 | Bailey   | Reached skill level 1 in Fighting
 12322 | Bailey   | Reached XP level 10. HP: 58/58 MP: 5/14
 12485 | Bailey   | Reached skill level 5 in Fighting
 13183 | Bailey   | Offered knowledge of Poisonous Vapours by Vehumet.
 13694 | D:8      | Found a staircase to the Lair.
 14530 | D:8      | Reached *** piety under Vehumet
 14536 | D:8      | Learned a level 4 spell: Airstrike
 14949 | D:8      | Found Zofehig's Armour Shoppe.
 14990 | D:8      | Found Doyb's Armour Shop.
 15260 | D:9      | Noticed a two-headed ogre
 15265 | D:9      | Noticed a two-headed ogre
 15277 | D:9      | Reached skill level 5 in Spellcasting
 15290 | D:9      | Killed a two-headed ogre
 15290 | D:9      | Offered knowledge of Conjure Flame by Vehumet.
 15529 | D:9      | Reached XP level 11. HP: 67/67 MP: 19/22
 16064 | D:9      | Killed a two-headed ogre
 16433 | D:9      | Noticed Harold
 16562 | D:9      | Killed Harold
 17061 | D:9      | Noticed Psyche
 17080 | D:9      | Killed Psyche
 17125 | D:9      | Noticed Joseph
 17140 | D:9      | Killed Joseph
 17192 | D:9      | Reached **** piety under Vehumet
 17676 | D:9      | Found a glowing golden altar of the Shining One.
 17676 | D:9      | Found a hazy altar of Hepliaklqana.
 17683 | D:9      | Found a broken altar of Ashenzari.
 17684 | D:9      | Noticed Erolcha
 17701 | D:9      | Cast into level 2 of the Abyss (Erolcha)
 17797 | Abyss:2  | Noticed a spatial maelstrom
 17876 | Abyss:2  | Noticed a wretched star
 17901 | Abyss:2  | Noticed a starcursed mass
 17903 | Abyss:2  | Gained mutation: Your body sometimes deteriorates upon
                  | taking damage. [a neqoxec]
 17917 | Abyss:2  | HP: 3/65 [raiju (8)]
 17918 | Abyss:2  | HP: 1/65 [raiju (8)]
 17918 | Abyss:2  | Mangled by a raiju

Illustrated notes

Levels and vault maps discovered:
D:1:      minmay_arrival_four_loops, layout_basic,
          shapermc_ecumenical_altar_petra, minmay_pentomino_x2
D:2:      layout_loops_corners, basic_altar,
          nicolae_concentric_dashed_squares_wild
D:3:      layout_basic, serial_curves, eino_curves_02, eino_curves_01,
          serial_shops, shop, nicolae_lakefront_shop,
          nicolae_shop_bloodbath_and_beyond, shop, nicolae_shop_waterfront,
          serial_bayou_pond_e
D:4:      layout_basic, trog_butcher_becter,
          lightli_ossuary_entry_decrepit_ruins
D:5:      layout_cave_pools, minmay_temple_entry_stoned_glass,
          nicolae_figureground_sparkle
D:6:      layout_cave_pools, mainiacjoe_overflow_cross_hatched
D:7:      layout_loops_ring, mainiacjoe_overflow_concentric_impassable,
          gammafunk_ghost_gnarly_gnolls, serial_bayou_pond_b
D:8:      layout_loops_cross, erik_lair_island, serial_shops,
          nicolae_shop_temple_entry_statues_fountains,
          nicolae_shop_hallway_stairs, enter_bailey_2
D:9:      layout_basic, chequers_temple_overflow_minitemple,
          hangedman_decor_riveting, amcnicky_mini_corridor_feature, uniq_harold,
          uniq_erolcha, uniq_joseph, uniq_psyche
Temple:   nicolae_temple_elliptical
Abyss:2:  base: D:6, bh_abyss_exit_grid

Skill      XL: |  1  2  3  4  5  6  7  8  9 10 11 |
---------------+----------------------------------+-----
Conjurations   | 2 3 4 5 6 8 |  8.0
Air Magic      | 5 6 7 8 |  8.0
Dodging        | 4 6 |  6.0
Hexes          | 3 |  3.0
Summonings     | 4 9 |  9.0
Fighting       | 4 7 |  7.0
Spellcasting   | 6 9 |  9.9
Stealth        | |  2.0

Action                   |  1- 3 |  4- 6 |  7- 9 | 10-12 || total
-------------------------+-------+-------+-------+-------++-------
Melee: Unarmed           |     7 |     1 |       |       ||     8
       Kick              |     1 |       |     5 |     7 ||    13
       Peck              |       |     1 |       |     6 ||     7
       Mace              |       |       |    14 |    13 ||    27
       Trident           |       |       |       |     2 ||     2
 Cast: Shock             |    94 |   168 |   218 |    77 ||   557
       Static Discharge  |       |     1 |    45 |    39 ||    85
       Searing Ray       |       |       |    33 |    58 ||    91
       Summon Guardian G |       |       |     2 |    17 ||    19
       Airstrike         |       |       |       |    12 ||    12
Evoke: Wand              |       |       |     2 |     4 ||     6
  Use: Scroll            |       |     6 |       |     3 ||     9
       Potion            |       |       |       |     4 ||     4
 Stab: Sleeping          |       |       |     1 |       ||     1
Armor: Robe              |     5 |    12 |    17 |     7 ||    41
       Troll leather arm |       |       |       |    27 ||    27
Dodge: Dodged            |    18 |    70 |   153 |   289 ||   530
